 Dungeon Sprint DCSS version 0.17-a0-1830-g81820eb (webtiles) character file.

2116 Kidiri the Blocker (level 9, -6/60 HPs)
             Began as a Gargoyle Fighter on Sept 13, 2015.
             Was an Elder of Trog.
             Mangled by a hill giant
             ... wielding a +0 giant club
              (32 damage)
             ... in the Dungeon (Sprint III: "The Ten Rune Challenge").
             The game lasted 00:08:08 (1681 turns).

Kidiri the Blocker (Gargoyle Fighter)               Turns: 1681, Time: 00:08:08

Health: -6/60      AC: 16    Str: 21    XL:     9   Next: 29%
Magic:  9/9        EV: 12    Int:  8    God:    Trog [****..]
Gold:   15         SH: 12    Dex: 12    Spells: 0 memorised, 8 levels left

rFire  + . .     SeeInvis .     a - +0 flail
rCold  . . .     Clarity  .     b - +0 scale mail
rNeg   + . .     SustAt   .     c - +0 shield
rPois  ∞         Gourm    .     (no helmet)
rElec  +         Spirit   .     (no cloak)
rCorr  .         Warding  .     (no gloves)
rMut   .         NoTele   +     l - +0 pair of boots
MR     ++...                    (no amulet)
Stlth  ..........               (no ring)
                                (no ring)

@: exhausted, regenerating, slowed, very slow, very resistant to hostile
enchantments, extremely unstealthy
A: fire resistance 1, negative energy resistance 1, electricity resistance,
unbreathing, petrification resistance, rot immunity, AC +5
a: Burn Spellbooks, Berserk, Trog's Hand, Brothers in Arms, Renounce Religion


You were in the Dungeon.
You worshipped Trog.
Trog was greatly pleased with you.
You were near starving.

You visited 1 branch You collected 15 gold pieces.

Inventory:

Hand weapons
 a - a +0 flail (weapon)
Armour
 b - a +0 scale mail (worn)
 c - a +0 shield (worn)
 l - a +0 pair of boots (worn)
Magical devices
 v - a wand of polymorph (13)
Scrolls
 k - 2 scrolls of blinking
 n - a scroll of immolation
 s - a scroll of torment
 t - a scroll of remove curse {unknown}
Potions
 d - a potion of might
 f - 2 potions of curing
 h - a potion of haste
 i - 2 potions of magic
 q - a potion of cure mutation
 r - a potion of flight
Comestibles
 g - 14 chunks of flesh
 p - 3 royal jellies


   Skills:
 + Level 8.7 Fighting
 * Level 10.5 Maces & Flails
 * Level 11.6 Armour
 + Level 5.9 Dodging
 * Level 11.6 Shields


You had 8 spell levels left.
You didn't know any spells.

Dungeon Overview and Level Annotations

Branches:
Dungeon (1/1)

Altars:
Cheibriados
Dithmenos
Elyvilon
Fedhas
Gozag
Kikubaaqudgha
Makhleb
Nemelex Xobeh
Okawaru
Qazlal
Ru
Sif Muna
Trog
Vehumet
Xom
Yredelemnul
Zin
The Shining One
Jiyva
Lugonu


Innate Abilities, Weirdness & Mutations

You are resistant to torment.
Your stone body is resilient (AC +5).
You are immune to poison.
You resist negative energy.
You are resistant to electric shocks.
You can survive without breathing.
You are immune to petrification.
You are immune to rotting.
Your flesh is heat resistant.


Message History

You feel a strong urge to attack something.
Your scale mail prevents you from hitting the hill giant.
The hill giant hits you with a giant club!!
You barely miss the hill giant. You bludgeon the hill giant!!
The hill giant is moderately wounded.
You sock the hill giant!
The hill giant is heavily wounded.
The hill giant completely misses you.
You barely miss the hill giant.
The hill giant is heavily wounded.
You are no longer berserk.
You are exhausted.
You feel yourself slow down.
You are near starving!
You barely miss the hill giant.
The hill giant is heavily wounded.
The hill giant hits you with a giant club!!
Ouch! That really hurt!
You die...

__# %_# +## ..#
..# #'#
..#+##############
..#....#.#.#...).#
..##.#..#.##.###@#
..'##.#.#.##)#.C##
..#.).#..#..##..
▓▓▓▓▓▓▓▓▓▓▓▓▓▓▓▓


You could see a hill giant.

Vanquished Creatures
  Erolcha (D)
  A deep elf priest (D)
  A shadow (D)
  A spatial vortex (D)
  A hill giant (D)
  A necrophage (D)
  3 two-headed ogres (D)
  A water elemental (D)
  A scorpion (D)
  A jelly (D)
  A necromancer (D)
  A wizard (D)
  3 humans (D)
  A kobold demonologist (D)
  An ooze (D)
  3 rats (D)
22 creatures vanquished.

Vanquished Creatures (others)
  2 draconian scorchers (D)
  A yaktaur (D)
3 creatures vanquished.

Grand Total: 25 creatures vanquished

Notes
Turn   | Place    | Note
--------------------------------------------------------------
     0 | D        | Kidiri the Gargoyle Fighter began the quest for the Orb.
     0 | D        | Reached XP level 1. HP: 14/14 MP: 1/1
    47 | D        | Reached skill level 4 in Armour
    47 | D        | Reached XP level 2. HP: 19/19 MP: 2/2
   155 | D        | Noticed a scorpion
   178 | D        | Reached skill level 1 in Dodging
   178 | D        | Reached XP level 3. HP: 21/24 MP: 3/3
   185 | D        | Killed a scorpion
   185 | D        | Reached skill level 5 in Armour
   185 | D        | Reached skill level 5 in Shields
   185 | D        | Reached XP level 4. HP: 25/30 MP: 4/4
   220 | D        | Gained mutation: You are resistant to hostile enchantments. [potion of mutation]
   220 | D        | Gained mutation: Your body sometimes deteriorates upon taking damage. [potion of mutation]
   220 | D        | Gained mutation: Your magical capacity is low (-10% MP). [potion of mutation]
   220 | D        | Killed a white draconian scorcher
   221 | D        | Gained mutation: You are highly resistant to hostile enchantments. [potion of mutation]
   221 | D        | Gained mutation: You possess an exceptional clarity of mind. [potion of mutation]
   222 | D        | Gained mutation: Armour fits poorly on your strangely shaped body. [potion of mutation]
   222 | D        | Lost mutation: Your body sometimes deteriorates upon taking damage. [potion of mutation]
   222 | D        | Lost mutation: You are highly resistant to hostile enchantments. [potion of mutation]
   223 | D        | Gained mutation: Your spells are a little harder to cast, but a little more powerful. [potion of mutation]
   223 | D        | Lost mutation: Your spells are a little harder to cast, but a little more powerful. [potion of mutation]
   223 | D        | Gained mutation: Your flesh is heat resistant. [potion of mutation]
   246 | D        | Killed a white draconian scorcher
   256 | D        | Lost mutation: Armour fits poorly on your strangely shaped body. [potion of cure mutation]
   256 | D        | Lost mutation: You are resistant to hostile enchantments. [potion of cure mutation]
   256 | D        | Lost mutation: You possess an exceptional clarity of mind. [potion of cure mutation]
   256 | D        | Lost mutation: Your magical capacity is low (-10% MP). [potion of cure mutation]
   257 | D        | Noticed a water elemental
   280 | D        | Killed a water elemental
   280 | D        | Reached skill level 5 in Fighting
   280 | D        | Reached skill level 5 in Maces & Flails
   280 | D        | Reached skill level 6 in Armour
   280 | D        | Reached XP level 5. HP: 4/35 MP: 5/5
   296 | D        | Killed a yaktaur
   572 | D        | Found an iron altar of Okawaru.
   572 | D        | Found a bloodstained altar of Trog.
   572 | D        | Noticed a human
   572 | D        | Noticed a human
   601 | D        | Killed a human
   601 | D        | Reached skill level 7 in Armour
   601 | D        | Reached XP level 6. HP: 39/41 MP: 6/6
   624 | D        | Killed a human
   624 | D        | Reached skill level 8 in Armour
   685 | D        | Became a worshipper of Trog the Wrathful
   736 | D        | Found a radiant altar of Vehumet.
   736 | D        | Found a deep blue altar of Sif Muna.
   736 | D        | Found an ancient bone altar of Kikubaaqudgha.
   736 | D        | Noticed a wizard
   737 | D        | Acquired Trog's first power
   737 | D        | Killed a wizard
   740 | D        | Noticed a rust devil
   741 | D        | Acquired Trog's second power
   741 | D        | Reached XP level 7. HP: 47/47 MP: 7/7
   771 | D        | Found a glowing silver altar of Zin.
   772 | D        | Found a glowing golden altar of the Shining One.
   772 | D        | Found a white marble altar of Elyvilon.
   772 | D        | Noticed a deep elf priest
   782 | D        | Killed a deep elf priest
   782 | D        | Reached skill level 9 in Armour
   885 | D        | Found a basalt altar of Yredelemnul.
   885 | D        | Found a snail-covered altar of Cheibriados.
   885 | D        | Found a blossoming altar of Fedhas.
   885 | D        | Noticed a necrophage
   885 | D        | Noticed a necromancer
   892 | D        | Killed a necrophage
   898 | D        | Killed a necromancer
  1072 | D        | Noticed a jelly
  1080 | D        | Killed a jelly
  1081 | D        | Noticed a shadow
  1090 | D        | HP: 2/48 [something (18)]
  1103 | D        | Killed a shadow
  1103 | D        | Reached skill level 10 in Armour
  1103 | D        | Reached skill level 10 in Shields
  1103 | D        | Reached XP level 8. HP: 8/53 MP: 8/8
  1417 | D        | Found a stormy altar of Qazlal.
  1418 | D        | Found a sacrificial altar of Ru.
  1418 | D        | Found a burning altar of Makhleb.
  1418 | D        | Found a viscous altar of Jiyva.
  1418 | D        | Found a shimmering altar of Xom.
  1418 | D        | Found a shadowy altar of Dithmenos.
  1418 | D        | Found a sparkling altar of Nemelex Xobeh.
  1418 | D        | Found a corrupted altar of Lugonu.
  1418 | D        | Found an opulent altar of Gozag.
  1418 | D        | Noticed a spatial vortex
  1432 | D        | Killed a spatial vortex
  1432 | D        | Reached skill level 5 in Dodging
  1513 | D        | Noticed a two-headed ogre
  1513 | D        | Noticed a two-headed ogre
  1515 | D        | Noticed a two-headed ogre
  1524 | D        | Killed a two-headed ogre
  1528 | D        | Killed a two-headed ogre
  1528 | D        | Acquired Trog's third power
  1533 | D        | Killed a two-headed ogre
  1575 | D        | Noticed a hill giant
  1585 | D        | Killed a hill giant
  1660 | D        | Noticed Erolcha
  1661 | D        | Noticed a hill giant
  1673 | D        | Killed Erolcha
  1673 | D        | Reached skill level 10 in Maces & Flails
  1673 | D        | Reached skill level 11 in Armour
  1673 | D        | Reached XP level 9. HP: 60/60 MP: 9/9
  1681 | D        | Mangled by a hill giant

Vault maps used:
D:        dungeon_sprint_mu

Action                   |  1- 3 |  4- 6 |  7- 9 || total
-------------------------+-------+-------+-------++-------
Melee: Flail             |    28 |    25 |    91 ||   144
Invok: Burn Spellbooks   |       |     1 |     1 ||     2
       Berserk           |       |       |     4 ||     4
       Trog's Hand       |       |       |     4 ||     4
  Use: Potion            |     1 |     6 |     2 ||     9
       Scroll            |       |     3 |       ||     3
  Eat: Chunk             |       |       |     2 ||     2
       Bread ration      |       |       |     1 ||     1
